 Dungeon Crawl Stone Soup version 0.28-a0-794-gafe8c5f9e9 (webtiles) character file.

Game seed: 10650144539595041562

84 Strat the Cudgeller (level 4, -1/37 HPs)
             Began as a Palentonga Cinder Acolyte on Nov 5, 2021.
             Was a High Priest of Ignis.
             Killed by nerve-wracking pain
             ... invoked by a shadow imp
             ... summoned by Natasha
              (3 damage)
             ... on level 2 of the Dungeon.
             The game lasted 00:06:32 (3594 turns).

Strat the Cudgeller (Palentonga Cinder Acolyte)     Turns: 3594, Time: 00:06:32

Health: -1/37      AC:  6    Str: 19    XL:     4   Next: 23%
Magic:  5/5        EV:  8    Int: 14    God:    Ignis [*****.]
Gold:   164        SH:  0    Dex:  5    Spells: 2/5 levels left

rFire   + . .      SeeInvis +   b - -1 mace (flame)
rCold   . . .      Faith    .   (no shield)
rNeg    . . .      Spirit   .   i - +0 ring mail
rPois   .          Reflect  .   c - +0 helmet
rElec   .          Harm     .   (no cloak)
rCorr   .          Rampage  .   (no gloves)
Will    .....                   (no barding)
Stlth   ..........              (no amulet)
HPRegen 0.12/turn               (no ring)
MPRegen 0.09/turn               (no ring)

@: confused, flying, slowed, very slow
A: large, rugged brown scales 3, see invisible, deformed body, roll 1, armoured
tail
a: Rolling Charge, Renounce Religion, Sea of Fire, Foxfire Swarm, Rising Flame


You were on level 2 of the Dungeon.
You worshipped Ignis.
Ignis was extremely pleased with you.
You visited 1 branch of the dungeon, and saw 3 of its levels.

You collected 164 gold pieces.

Inventory:

Hand Weapons
 b - a -1 mace of flaming (weapon)
Missiles
 e - 78 stones (quivered)
Armour
 c - a +0 helmet (worn)
 f - a +0 robe
 i - a +0 ring mail (worn)
Wands
 a - a wand of flame (6)
Scrolls
 g - a scroll of identify {unknown}
 h - a scroll of enchant armour {unknown}


   Skills:
 - Level 3.0 Fighting
 + Level 5.1 Maces & Flails
 - Level 1.0 Spellcasting
 - Level 2.4 Fire Magic


You had 2 spell levels left.
You knew the following spells:

 Your Spells              Type           Power      Damage    Failure   Level
a - Scorch                Fire           14%        2d5       26%         2
b - Apportation           Tloc           0%         N/A       41%         1

Your spell library contained the following spells:

 Spells                   Type           Power      Damage    Failure   Level
 Alistair's Intoxication  Tmut/Pois      0%         N/A       100%        5
 Invisibility             Hex            0%         N/A       100%        6


Dungeon Overview and Level Annotations

Branches:
Dungeon (3/15)

Altars:
Sif Muna

Annotations:
D:2 1 runed translucent door, Crazy Yiuf, Natasha, Sigmund
D:3 Grinder


Innate Abilities, Weirdness & Mutations

You are completely covered in rugged brown scales. (AC +3, +7% HP)
You have supernaturally acute eyesight. (SInv)
Armour fits poorly on your strangely shaped body.
You can roll at nearby foes to attack.
You have a long armoured tail.


Message History

Natasha hisses angrily.
Sigmund gestures at you while chanting.
You are confused.
Natasha claws you.
Natasha mumbles some strange words.
Natasha glows brightly for a moment.
Natasha casts a spell at you. The magic dart hits you.
* * * LOW HITPOINT WARNING * * *
Natasha stares at you and mumbles some strange words.
The magic dart hits you.
* * * LOW HITPOINT WARNING * * *
Sigmund points at you and mumbles some strange words.
You resist with some effort. Natasha claws you but does no damage.
Sigmund completely misses you.
Natasha wildly gestures.
Natasha shimmers violently.
Natasha claws you.
* * * LOW HITPOINT WARNING * * *
You feel less confused. Natasha claws you!
* * * LOW HITPOINT WARNING * * *
Natasha stares at you and mumbles some strange words.
You feel yourself slow down.
It was a potion of flight.
You feel very buoyant.
You fly up into the air.
Natasha stares at you and mumbles some strange words.
The magic dart hits you.
* * * LOW HITPOINT WARNING * * *
Sigmund barely misses you.
Natasha casts a spell.
Sigmund gestures at you while chanting.
You are confused.
Natasha claws you.
* * * LOW HITPOINT WARNING * * *
Sigmund barely misses you.
Natasha casts a spell.
The shadow imp gestures at you. Pain shoots through your body!
You die...

#....###..######...........
#....####..................
###.........#######..........
#............................
#.....#####..................
##....#####..................
##......##..................
###.........5................
#......##.#.@5...............
#.#....<....h@.........###...
#.################...........
#.# #....####.## ##.#######
#..#.# #... #..+...#.### ###
#@.# .. #.#.
#..)....#..##...# #..# ....##
#......####.+...#
#..####...## ##.+..## ###..)#
#.#..>.....#


You could see Sigmund (invisible), Natasha and 2 shadow imps.

Vanquished Creatures
  Robin (D:2)
  An adder (D:2)
  An adder skeleton (D:2)
  A worm (D:2)
  3 dart slugs
  3 ball pythons
  4 bats
  An endoplasm (D:1)
  12 goblins
  9 hobgoblins
  2 quokkas
  A frilled lizard (D:1)
  7 kobolds
  3 rats
49 creatures vanquished.

Vanquished Creatures (others)
  11 demonic plants (D:2)
  2 fungi (D:2)
  2 plants (D:2)
  5 withered plants (D:2)
20 creatures vanquished.

Grand Total: 69 creatures vanquished

Notes
Turn   | Place    | Note
-------+----------+-------------------------------------------
     0 | D:1      | Strat the Palentonga Cinder Acolyte began the quest for the
                  | Orb.
     0 | D:1      | Reached XP level 1. HP: 19/19 MP: 2/2
   397 | D:1      | Reached XP level 2. HP: 25/25 MP: 3/3
   697 | D:1      | Reached skill level 4 in Maces & Flails
  1167 | D:1      | Reached XP level 3. HP: 31/31 MP: 4/4
  1376 | D:2      | Noticed Sigmund
  1624 | D:2      | Noticed Robin
  1868 | D:2      | Noticed Natasha
  1929 | D:2      | Found a shimmering blue altar of Sif Muna.
  2244 | D:2      | Found a faded altar of an unknown god.
  2655 | D:2      | Found a runed translucent door.
  2656 | D:2      | Noticed Crazy Yiuf
  2739 | D:2      | Killed Robin
  2740 | D:2      | Reached skill level 5 in Maces & Flails
  2740 | D:2      | Reached XP level 4. HP: 26/37 MP: 5/5
  3436 | D:2      | Learned a level 2 spell: Scorch
  3481 | D:3      | Noticed Grinder
  3482 | D:3      | Paralysed by Grinder for 7 turns
  3523 | D:2      | Learned a level 1 spell: Apportation
  3594 | D:2      | Killed from afar by a shadow imp

Illustrated notes

Levels and vault maps discovered:
D:1:      minmay_arrival_glassed_features, layout_basic
D:2:      layout_rooms, shapermc_ecumenical_altar_gd, basic_altar, uniq_sigmund,
          uniq_crazy_yiuf_cottage, uniq_robin, uniq_natasha
D:3:      layout_loops_ring, minmay_stone_trees_large, minmay_between,
          uniq_grinder, uniq_ijyb

Skill      XL: |  1  2  3 |
---------------+----------+-----
Maces & Flails | 4 5 |  5.1
Fighting       | |  3.0
Spellcasting   | |  1.0
Fire Magic     | |  2.4

Action                   |  1- 3 |  4- 6 || total
-------------------------+-------+-------++-------
Melee: Mace              |    92 |    35 ||   127
       Tailslap          |     5 |     2 ||     7
       Long sword        |    21 |       ||    21
Throw: Stone             |       |     3 ||     3
  Use: Scroll            |     1 |       ||     1
       Potion            |       |     1 ||     1
Armor: Robe              |    49 |    12 ||    61
       Ring mail         |       |     3 ||     3
Dodge: Dodged            |    66 |    19 ||    85

Table legend: (Time is in decaauts)
 A = Elapsed time spent in this place.
 B = Non-inter-level travel time spent in this place.
 C = Inter-level travel time spent in this place.
 D = Time resting spent in this place.
 E = Time spent auto-exploring this place.
 F = Levels seen in this place.
 G = Mean time per level.
                   A        B        C        D        E       F      G
               +--------+--------+--------+--------+--------+-----+--------+
         Total |   3648 |   3123 |    525 |   1112 |   1075 |   3 | 1216.0 |
       Dungeon |   3648 |   3123 |    525 |   1112 |   1075 |   3 | 1216.0 |
               +--------+--------+--------+--------+--------+-----+--------+

Top non-repeatable levels by time:
     D:1: 2251 daAuts
     D:2: 1376 daAuts
     D:3: 20 daAuts
